 Dungeon Crawl Stone Soup version 0.31-a0-700-gf13585253f (webtiles) character file.

Game seed: 2886256654959209059

804 qw the Skirmisher (level 7, -16/44 HPs)
             Began as a Gargoyle Hunter on Sept 7, 2023.
             Was an Initiate of Okawaru.
             Killed from afar by a steam dragon (22 damage)
             ... with a ball of steam
             ... on level 6 of the Dungeon.
             The game lasted 00:01:41 (3862 turns).

qw the Skirmisher (Gargoyle Hunter)                 Turns: 3862, Time: 00:01:42

Health: -16/44     AC: 10    Str: 14 (15) XL:     7   Next: 91%
Magic:  7/7        EV: 11    Int:  9      God:    Okawaru [......]
Gold:   75         SH:  0    Dex: 14 (15) Spells: 6/6 levels left

rFire   . . .        Y - +1 shortbow
rCold   . . .        (shield currently unavailable)
rNeg    + . .        m - +0 ring mail
rPois   inf          (no helmet)
rElec   +            h - scarf {repulsion}
rCorr   .            (no gloves)
SInv    .            (no boots)
Will    .....        (no amulet)
Stlth   +            (no ring)
HPRegen 0.27/turn    (no ring)
MPRegen 0.10/turn

%: repel missiles
@: about to teleport
A: sickness immunity, AC +4, negative energy resistance 1, electricity
resistance, torment resistance 1, petrification resistance
a: Renounce Religion


You were on level 6 of the Dungeon.
You worshipped Okawaru.
Okawaru was noncommittal.
You visited 2 branches of the dungeon, and saw 7 of its levels.

You collected 240 gold pieces.
You spent 165 gold pieces at shops.


Innate Abilities, Weirdness & Mutations

You are immune to sickness and miasma.
Your stone body is resilient. (AC +4)
You are immune to poison.
You resist negative energy. (rN+)
You are resistant to electric shocks. (rElec)
You are resistant to unholy torment.
You are immune to petrification.


   Skills:
 - Level 5.3 Fighting
 + Level 8.0 Ranged Weapons
 - Level 1.1 Armour
 - Level 2.3 Dodging
 - Level 1.1 Stealth


You had 6 spell levels left.
You didn't know any spells.
Your spell library was empty.

Inventory:

Hand Weapons
 Y - a +1 shortbow (weapon)
Armour
 g - a +0 cloak
 h - a scarf of repulsion (worn)
 m - a +0 ring mail (worn)
Scrolls
 b - a scroll of identify
 k - 2 scrolls of teleportation
Potions
 a - a potion of might
 d - 2 potions of curing
 e - 3 potions of enlightenment

Dungeon Overview and Level Annotations

Branches:
Dungeon (6/15)             Temple (1/1) D:5

Altars:
Ashenzari
Cheibriados
Fedhas
Gozag
Kikubaaqudgha
Makhleb
Nemelex Xobeh
Okawaru
Qazlal
Ru
Trog
Uskayaw
Vehumet
Wu Jian
Xom
Zin

Shops:
D:4 *


Message History

The scorpion is moderately wounded.
The scorpion barely misses you.
You shoot an arrow.
The arrow completely misses the scorpion.
The steam dragon bites you.
The steam dragon claws you but does no damage.
The scorpion stings you but does no damage.
You shoot an arrow. The arrow hits the scorpion.
The scorpion is severely wounded.
The steam dragon breathes steam at you. The ball of steam hits you!
The scorpion barely misses you. The steam dragon bites you.
The steam dragon misses you.
You shoot an arrow. The arrow hits the scorpion.
The scorpion is almost dead.
You are engulfed in a cloud of scalding steam.
The scorpion stings you but does no damage.
The scorpion misses you. The steam dragon barely misses you. x2
You shoot an arrow. The arrow hits the scorpion.
You kill the scorpion!
Okawaru accepts your kill. The steam dragon misses you. x2
You feel your intelligence returning.
Your Fighting skill increases to level 5!
You shoot an arrow.
The arrow barely misses the steam dragon.
The steam dragon breathes steam at you. The ball of steam hits you!
3861 ||| READING 3 scrolls of teleportation.
As you read the scroll of teleportation, it crumbles to dust.
You feel strangely unstable.
You are engulfed in a cloud of scalding steam.
The steam dragon misses you.
The steam dragon claws you but does no damage.
You shoot an arrow.
The arrow hits the steam dragon but does no damage.
You are engulfed in a cloud of scalding steam.
The steam dragon breathes steam at you. The ball of steam hits you!!
Ouch! That really hurt!
You die...

.......#.#######..###
......###<..........
...[#..#..........#
#.#.....>.#.#.#.#.#
....#.###.........#
#.#...# #.#.#.#.#.# #
....### #.........#
.. # #.#.#.#.#ยค# #.#
#...)...@.# ....
#.#.#.#D#.# #s#D#
#...!.....##......
##.####.^....#.#.# #.
#####....... #.
####### .. ##


You could see a steam dragon (catching breath).

Vanquished Creatures
  A black bear (D:4)
  An ogre (D:6)
  4 scorpions
  2 hounds (D:4)
  A jelly (D:5)
  A sleepcap (D:5)
  2 iguanas (D:4)
  An orc wizard (D:5)
  5 adders
  3 gnolls (D:4)
  A white imp (D:6)
  An ufetubus (D:6)
  A worm (D:3)
  2 dart slugs (D:3)
  11 orcs
  6 bats
  7 endoplasms
  3 giant cockroaches
  2 goblins
  5 hobgoblins
  14 jackals
  4 kobolds
  5 quokkas
  7 ball pythons
  4 frilled lizards
  3 rats
97 creatures vanquished.

Notes
Turn   | Place    | Note
-------+----------+-------------------------------------------
     0 | D:1      | qw the Gargoyle Hunter began the quest for the Orb.
     0 | D:1      | Reached XP level 1. HP: 12/12 MP: 1/1
     0 | D:1      | 0 ||| qw: Version: 0.3-a-76-g4403597
     0 | D:1      | 0 ||| qw: Game counter: 572
     0 | D:1      | 0 ||| qw: Melee chars always use a shield: true
     0 | D:1      | 0 ||| qw: God list: Okawaru
     0 | D:1      | 0 ||| qw: Allow faded altars: false
     0 | D:1      | 0 ||| qw: Do Orc after clearing Dungeon:15 true
     0 | D:1      | 0 ||| qw: Do second Lair branch before Depths: true
     0 | D:1      | 0 ||| qw: Lair rune preference: random
     0 | D:1      | 0 ||| qw: Goals: Normal
     0 | D:1      | 0 ||| PLANNING D:1-11
    77 | D:1      | Reached XP level 2. HP: 17/17 MP: 2/2
   233 | D:1      | Reached XP level 3. HP: 16/21 MP: 3/3
   245 | D:1      | Reached skill level 5 in Ranged Weapons
   390 | D:1      | 390 ||| READING scroll labelled KIUMEONNOI.
   391 | D:1      | 391 ||| READING scroll labelled LAVO YDI AHIAS.
   396 | D:1      | 396 ||| DROPPING scroll of butterflies.
   844 | D:2      | Reached skill level 3 in Fighting
  1122 | D:2      | 1122 ||| READING scroll labelled FECO IXZACKONTIRR.
  1123 | D:2      | 1123 ||| DRINKING 2 fizzy clear potions.
  1231 | D:3      | Reached XP level 4. HP: 22/28 MP: 4/4
  1502 | D:3      | Found a faded altar of an unknown god.
  1505 | D:3      | 1505 ||| DRINKING 2 fuming ruby potions.
  1695 | D:4      | Reached XP level 5. HP: 24/32 MP: 5/5
  1749 | D:4      | Found Kioni's Neck Hole.
  1755 | D:4      | 1755 ||| BUYING +0 cloak (45 gold).
  1755 | D:4      | Bought a +0 cloak for 45 gold pieces
  1755 | D:4      | 1755 ||| SHOPLISTING +2 cloak (165 gold, have 144).
  1755 | D:4      | 1755 ||| SHOPLISTING amulet of regeneration (300 gold, have
                  | 144).
  1755 | D:4      | 1755 ||| BUYING scarf of repulsion (120 gold).
  1755 | D:4      | Bought a scarf of repulsion for 120 gold pieces
  1882 | D:4      | Reached skill level 6 in Ranged Weapons
  1898 | D:4      | HP: 6/32 [hound (3)]
  1899 | D:4      | HP: 2/32 [hound (5)]
  2096 | D:4      | Reached XP level 6. HP: 21/38 MP: 6/6
  2519 | D:4      | Noticed a black bear
  2533 | D:4      | Killed a black bear
  2534 | D:4      | Reached skill level 7 in Ranged Weapons
  2781 | D:4      | 2781 ||| UPGRADING to +0 cloak.
  2786 | D:4      | 2786 ||| UPGRADING to scarf of repulsion.
  2796 | D:4      | 2796 ||| READING 2 scrolls labelled FAIFATEAPS.
  2797 | D:4      | 2797 ||| DRINKING 2 cyan potions.
  2798 | D:4      | 2798 ||| DROPPING potion of brilliance.
  2799 | D:4      | 2799 ||| DROPPING scroll of vulnerability.
  2830 | D:5      | Entered Level 5 of the Dungeon
  2846 | D:5      | Reached XP level 7. HP: 40/43 MP: 7/7
  3042 | D:5      | Found a staircase to the Ecumenical Temple.
  3043 | D:5      | 3043 ||| PLANNING TEMPLE
  3043 | D:5      | 3043 ||| UPGRADING to +0 ring mail.
  3053 | D:5      | 3053 ||| DROPPING +0 leather armour.
  3054 | D:5      | 3054 ||| READING scroll labelled FAF IGGATA.
  3055 | D:5      | 3055 ||| READING scroll labelled TIMMYI HIEWN.
  3061 | Temple   | Entered the Ecumenical Temple
  3062 | Temple   | 3062 ||| PLANNING OKAWARU WORSHIP
  3081 | Temple   | Became a worshipper of Warmaster Okawaru
  3082 | Temple   | 3082 ||| PLANNING D:1-11
  3138 | D:5      | Reached skill level 1 in Armour
  3174 | D:5      | Found a broken altar of Ashenzari.
  3460 | D:5      | 3460 ||| DRINKING 2 fizzy red potions.
  3466 | D:5      | Found a shimmering altar of Xom.
  3497 | D:5      | 3497 ||| READING 2 scrolls of identify.
  3497 | D:5      | 3497 ||| IDENTIFYING bubbling silvery potion
  3598 | D:5      | 3598 ||| DROPPING potion of degeneration.
  3674 | D:6      | Reached skill level 8 in Ranged Weapons
  3711 | D:6      | 3711 ||| READING scroll labelled UMOIPI QAUNAI.
  3712 | D:6      | 3712 ||| READING 2 scrolls of identify.
  3712 | D:6      | 3712 ||| IDENTIFYING fizzy green potion
  3713 | D:6      | 3713 ||| DROPPING potion of attraction.
  3846 | D:6      | Noticed a steam dragon
  3847 | D:6      | 3847 ||| RETREATING.
  3860 | D:6      | HP: 5/44 [steam dragon/ball of steam (10)]
  3861 | D:6      | 3861 ||| READING 3 scrolls of teleportation.
  3862 | D:6      | Killed from afar by a steam dragon

Levels and vault maps discovered:
D:1:      dpeg_arrival_simpleton_b, layout_rooms
D:2:      layout_basic, item_on_display_a
D:3:      layout_basic, hellmonk_ecumenical_altar_inner_sanctum
D:4:      layout_loops_ring, nicolae_shop_sticking_my_neck_out
D:5:      layout_loops_ring, nicolae_ashenzari_panopticon, tgw_xom,
          minmay_temple_entry_trees
D:6:      layout_loops_ring, grunt_dithmenos_smoke_and_mirrors, serial_glass,
          glass_columns_a, glass_columns_b, glass_columns_a, glass_columns_c,
          grunt_ministairs_1, glass_columns_c, uniq_maggie
Temple:   compressed_dpeg_circular_temple

Skill      XL: |  1  2  3  4  5  6  7 |
---------------+----------------------+-----
Ranged Weapons | 5 6 7 8 |  8.0
Fighting       | 3 4 5 |  5.3
Dodging        | 2 |  2.3
Armour         | 1 |  1.1
Stealth        | |  1.1

Action                     |  1- 3 |  4- 6 |  7- 9 || total
---------------------------+-------+-------+-------++-------
   Fire: Shortbow          |   137 |   189 |   105 ||   431
    Use: Scroll            |     3 |     1 |     6 ||    10
         Potion            |     1 |     2 |     1 ||     4
 Armour: Leather armour    |    71 |    87 |     2 ||   160
         Ring mail         |       |       |    37 ||    37
  Dodge: Dodged            |    67 |    75 |    41 ||   183

Table legend:
 A = Non-vault XP
 B = Vault XP
 C = Vault XP percentage of total XP
 D = Non-vault monster count
 E = Vault monster count
 F = Vault count percentage of total count
                 A         B        C        D         E       F
            +---------+---------+-------+---------+---------+-------
      Total |    1039 |     110 |   9.6 |      90 |       7 |   7.2
            +---------+---------+-------+---------+---------+-------
        D:1 |      40 |       0 |   0.0 |      23 |       0 |   0.0
        D:2 |      32 |       0 |   0.0 |      12 |       0 |   0.0
        D:3 |      50 |       0 |   0.0 |      17 |       0 |   0.0
        D:4 |     447 |       0 |   0.0 |      21 |       0 |   0.0
        D:5 |     226 |     110 |  32.7 |      12 |       7 |  36.8
        D:6 |     244 |       0 |   0.0 |       5 |       0 |   0.0
            +---------+---------+-------+---------+---------+-------
